 Dungeon Crawl Stone Soup version 0.27-a0-531-gb72ec1a1b6 (webtiles) character file.

Game seed: 1208697888214249357

30 Morbidden the Grave Robber (level 3, 25/25 HPs)
             Began as a Demonspawn Necromancer on Mar 5, 2021.
             Quit the game on level 1 of the Dungeon.
             The game lasted 00:01:07 (2068 turns).

Morbidden the Grave Robber (Demonspawn Necromancer) Turns: 2068, Time: 00:01:07

Health: 25/25      AC:  2    Str:  8    XL:     3   Next: 5%
Magic:  6/6        EV: 12    Int: 17    God:
Gold:   10         SH:  0    Dex: 13    Spells: 5/6 levels left

rFire    . . .     SeeInvis .   b - +3 whip
rCold    . . .     Faith    .   (no shield)
rNeg     . . .     Spirit   .   a - +0 robe
rPois    .         Reflect  .   (no helmet)
rElec    .         Harm     .   (no cloak)
rCorr    .         Rampage  .   (no gloves)
Will     .....                  (no boots)
Stlth    ++........             (no amulet)
HPRegen  0.08/turn              (no ring)
MPRegen  0.10/turn              (no ring)

@: no status effects
A: ignite blood 1
a: no special abilities


You were on level 1 of the Dungeon.
You visited 1 branch of the dungeon, and saw 1 of its levels.

You collected 10 gold pieces.

Inventory:

Hand Weapons
 b - a +3 whip (weapon)
Armour
 a - a +0 robe (worn)
Scrolls
 c - a scroll of immolation {unknown}
Potions
 d - a potion of magic {unknown}


   Skills:
 * Level 0.6 Fighting
 + Level 0.3 Maces & Flails
 + Level 1.9 Dodging
 + Level 1.8 Stealth
 * Level 2.4 Spellcasting
 * Level 4.9 Necromancy


You had 5 spell levels left.
You knew the following spells:

 Your Spells              Type           Power      Damage    Failure   Level
a - Pain                  Necr           72%        1d7       2%          1

Your spell library contained the following spells:

 Spells                   Type           Power      Damage    Failure   Level
 Animate Skeleton         Necr           36%        N/A       2%          1
 Vampiric Draining        Necr           9%         2d7       8%          3
 Animate Dead             Necr           9%         N/A       24%         4
 Agony                    Necr           18%        N/A       56%         5


Dungeon Overview and Level Annotations

Branches:
Dungeon (1/15)

Altars:


Innate Abilities, Weirdness & Mutations

Your demonic aura sometimes causes spilled blood to erupt in flames


Message History

You open the door.
There is an open door here.
Key pressed, stopping explore.
Casting: Pain (safe; 2% risk of failure)
Confirm with . or Enter, or press ? or * to list all spells.
You can't see any susceptible monsters within range! (Use Z to cast anyway.)
Found a ring mail.
Casting: Pain (safe; 2% risk of failure)
Confirm with . or Enter, or press ? or * to list all spells.
You can't see any susceptible monsters within range! (Use Z to cast anyway.)
You now have 10 gold pieces (gained 5).
Key pressed, stopping explore.
Casting: Pain (safe; 2% risk of failure)
Confirm with . or Enter, or press ? or * to list all spells.
You can't see any susceptible monsters within range! (Use Z to cast anyway.)
Casting: Pain (safe; 2% risk of failure)
Confirm with . or Enter, or press ? or * to list all spells.
You can't see any susceptible monsters within range! (Use Z to cast anyway.)
There is an open door here.
Done exploring.
Casting: Pain (safe; 2% risk of failure)
Confirm with . or Enter, or press ? or * to list all spells.
You can't see any susceptible monsters within range! (Use Z to cast anyway.)
Casting: Pain (safe; 2% risk of failure)
Confirm with . or Enter, or press ? or * to list all spells.
You can't see any susceptible monsters within range! (Use Z to cast anyway.) Done exploring.
Casting: Pain (safe; 2% risk of failure)
Confirm with . or Enter, or press ? or * to list all spells.
You can't see any susceptible monsters within range! (Use Z to cast anyway.) Done exploring.
Casting: Pain (safe; 2% risk of failure)
Confirm with . or Enter, or press ? or * to list all spells.
You can't see any susceptible monsters within range! (Use Z to cast anyway.) Done exploring.
Casting: Pain (safe; 2% risk of failure)
Confirm with . or Enter, or press ? or * to list all spells.
You can't see any susceptible monsters within range! (Use Z to cast anyway.) Done exploring.
Are you sure you want to abandon this character and quit the game? (Confirm with "yes".)

##..######.......#####
##.###.............##
#.##...............##
#.#.................#
#.#........⌠........#
#.#.......⌠>⌠.......#
#.#........⌠........#
#.##...............##
#..##....@........##
##..####.......####
##....####.####
####......# ########


There were no monsters in sight!

Vanquished Creatures
  A dart slug (D:1)
  2 bats (D:1)
  6 goblins (D:1)
  7 hobgoblins (D:1)
  3 frilled lizards (D:1)
  5 kobolds (D:1)
  A rat (D:1)
25 creatures vanquished.

Notes
Turn   | Place    | Note
-------+----------+-------------------------------------------
     0 | D:1      | Morbidden the Demonspawn Necromancer began the quest for
                  | the Orb.
     0 | D:1      | Reached XP level 1. HP: 13/13 MP: 3/3
   730 | D:1      | Gained mutation: Your demonic aura sometimes causes spilled
                  | blood to erupt in flames [demonic ancestry]
   730 | D:1      | Reached XP level 2. HP: 16/20 MP: 0/5
  1629 | D:1      | Reached XP level 3. HP: 22/25 MP: 3/6
  2068 | D:1      | Quit the game

Illustrated notes

Levels and vault maps discovered:
D:1:      dpeg_arrival_three_bigger_balls, layout_basic

Action                   || total
-------------------------++-------
Melee: Unarmed           ||    13
       Whip              ||    27
 Cast: Pain              ||    29
Armor: Robe              ||     5
Dodge: Dodged            ||    37

Table legend: (Time is in decaauts)
 A = Elapsed time spent in this place.
 B = Non-inter-level travel time spent in this place.
 C = Inter-level travel time spent in this place.
 D = Time resting spent in this place.
 E = Time spent auto-exploring this place.
 F = Levels seen in this place.
 G = Mean time per level.
                   A        B        C        D        E       F      G
               +--------+--------+--------+--------+--------+-----+--------+
         Total |   2070 |   2070 |      0 |    207 |   1664 |   1 | 2070.0 |
       Dungeon |   2070 |   2070 |      0 |    207 |   1664 |   1 | 2070.0 |
               +--------+--------+--------+--------+--------+-----+--------+

Top non-repeatable levels by time:
     D:1: 2070 daAuts
